 Dungeon Crawl Stone Soup version 0.23.2 (webtiles) character file.

Game seed: 1700628637164790526

621 snowfan the Firebug (level 7, -1/46 HPs)
             Began as a Mummy Fire Elementalist on Apr 2, 2019.
             Shot with an arrow by a centaur (16 damage)
             ... on level 5 of the Dungeon.
             The game lasted 00:20:09 (7814 turns).

snowfan the Firebug (Mummy Fire Elementalist)       Turns: 7814, Time: 00:20:10

Health: -1/46      AC:  4    Str: 12    XL:     7   Next: 22%
Magic:  11/11      EV: 11    Int: 16    God:
Gold:   201        SH:  0    Dex: 12    Spells: 3/12 levels left

rFire    x . .     SeeInvis .   c - -3 short sword (curse)
rCold    + . .     Gourm    .   (no shield)
rNeg     + + +     Faith    .   i - +0 leather armour
rPois    ∞         Spirit   .   j - +0 helmet
rElec    .         Reflect  .   (no cloak)
rCorr    .         Harm     .   (no gloves)
MR       .....                  (no boots)
Stlth    +.........             (no amulet)
HPRegen  0.15/turn              (no ring)
MPRegen  0.12/turn              (no ring)

@: no status effects
A: no food or potions, fire vulnerability, cold resistance 1, negative energy
resistance 3, torment resistance, unbreathing
a: no special abilities


You were on level 5 of the Dungeon.
You were not hungry.

You visited 1 branch of the dungeon, and saw 5 of its levels.

You collected 201 gold pieces.

Inventory:

Hand Weapons
 c - a cursed -3 short sword (weapon)
 g - a +0 club
 h - a +0 mace
 l - a +4 blowgun
 q - a +0 war axe of chopping
 t - a +1 flail of protection
Missiles
 d - 79 arrows
 e - 18 poisoned needles
 f - 64 sling bullets
 m - 129 stones (quivered)
 p - 6 tomahawks
 r - 8 javelins
Armour
 a - a +0 robe
 i - a +0 leather armour (worn)
 j - a +0 helmet (worn)
Jewellery
 u - an uncursed ring of ice {unknown}
Wands
 x - a wand of flame (10)
Scrolls
 b - a scroll of identify {unknown}
 k - 2 scrolls of teleportation {unknown}
 n - 2 scrolls of immolation {unknown}
 o - 5 scrolls of amnesia {unknown}
 s - a scroll of remove curse {unknown}
 v - a scroll of magic mapping {unknown}
 w - a scroll of random uselessness {unknown}


   Skills:
 + Level 4.0 Armour
 - Level 1.5 Dodging
 - Level 1.5 Stealth
 - Level 3.2 Spellcasting
 + Level 3.3 Conjurations
 + Level 4.2 Fire Magic


You had 3 spell levels left.
You knew the following spells:

 Your Spells              Type           Power        Failure   Level  Hunger
a - Flame Tongue          Conj/Fire      ##...        4%          1    N/A
d - Conjure Flame         Conj/Fire      ##......     16%         3    N/A
s - Throw Flame           Conj/Fire      ##....       8%          2    N/A
x - Inner Flame           Hex/Fire       #.......     28%         3    N/A

Your spell library contained the following spells:

 Spells                   Type           Power        Failure   Level  Hunger
 Sticky Flame             Conj/Fire      ##......     45%         4    N/A
 Fireball                 Conj/Fire      ##........   80%         5    N/A

Dungeon Overview and Level Annotations

Branches:
Dungeon (5/15)
 Temple: D:4-7

Altars:
Elyvilon
Fedhas
Makhleb
Xom


Innate Abilities, Weirdness & Mutations

You do not eat or drink.
Your flesh is vulnerable to fire.
You are immune to poison.
Your flesh is cold resistant. (rC+)
You are immune to negative energy. (rN+++)
You are immune to unholy pain and torment.
You can survive without breathing.


Message History

Okay, then.
Wear which item? (? for menu, Esc to quit)
Okay, then.
m - 112 stones (gained 1)
A howler monkey skeleton comes into view.
The howler monkey skeleton moves out of view.
m - 129 stones (gained 17)
The centaur shouts!
The centaur wields a +0 shortbow.
The centaur shoots an arrow.
The arrow hits you!
You see here an arrow.
The centaur shoots an arrow.
The arrow hits you!
The centaur shoots an arrow.
The arrow barely misses you.
You see here an arrow.
The centaur shoots an arrow.
The arrow hits you!
You see here an arrow.
The centaur shoots an arrow.
The arrow hits you.
You see here an arrow.
The centaur shoots an arrow.
The arrow hits you!
You die...

........##.###...........#.##....
#.......................##.##....
####....................#...#.###
#.....#..............#.P.#.#
##....#........#.....#...#####
#..(...............##.####..
###.......###)..............
##.......#........#####...
.........@......#.####....
....##.#.###(...........#.
.....#.### #..c.#......###
#.....c#.# ##(..##.....###
#....(.# #.............#
#....c.###..###..#......
..........###c....##....#.
..........(.......#.....##
..........(.............#


You could see a centaur.

Vanquished Creatures
  Menkaure (D:5)
  An ice beast (D:4)
  A scorpion (D:4)
  A hound (D:3)
  2 orc priests
  An orc wizard (D:3)
  Jessica (D:2)
  A worker ant (D:3)
  4 gnolls
  3 adders
  2 oozes
  An adder skeleton (D:4)
  A worm (D:2)
  A dart slug (D:1)
  3 leopard geckos
  16 orcs
  7 bats
  2 giant cockroaches
  9 goblins
  8 hobgoblins
  6 jackals
  2 ball pythons
  A ball python skeleton (D:4)
  3 frilled lizards
  6 kobolds
  4 rats
88 creatures vanquished.

Notes
Turn   | Place    | Note
-------+----------+-------------------------------------------
     0 | D:1      | snowfan the Mummy Fire Elementalist began the quest for the
                  | Orb.
     0 | D:1      | Reached XP level 1. HP: 13/13 MP: 4/4
   277 | D:1      | Reached skill level 1 in Conjurations
   671 | D:1      | Reached XP level 2. HP: 19/19 MP: 3/5
  1140 | D:1      | Reached XP level 3. HP: 24/24 MP: 3/7
  2621 | D:2      | Noticed Jessica
  2661 | D:2      | Reached XP level 4. HP: 25/30 MP: 3/8
  2662 | D:2      | Killed Jessica
  3060 | D:2      | Found a faded altar of an unknown god.
  3194 | D:3      | Learned a level 3 spell: Conjure Flame
  3198 | D:3      | Learned a level 3 spell: Inner Flame
  3201 | D:3      | Learned a level 2 spell: Throw Flame
  3598 | D:2      | Reached XP level 5. HP: 29/35 MP: 5/9
  4059 | D:3      | Reached skill level 1 in Armour
  4906 | D:4      | Reached XP level 6. HP: 41/41 MP: 4/10
  5435 | D:4      | Noticed an ice beast
  5447 | D:4      | Killed an ice beast
  5673 | D:4      | Found a blossoming altar of Fedhas.
  5674 | D:4      | Found a burning altar of Makhleb.
  5999 | D:4      | Found a shimmering altar of Xom.
  6221 | D:5      | Entered Level 5 of the Dungeon
  7012 | D:5      | Found a white marble altar of Elyvilon.
  7046 | D:5      | Noticed Menkaure
  7061 | D:5      | Killed Menkaure
  7061 | D:5      | Reached XP level 7. HP: 46/46 MP: 3/11
  7814 | D:5      | Shot with an arrow by a centaur

Skill      XL: |  1  2  3  4  5  6 |
---------------+-------------------+-----
Conjurations   | 1 2 3 |  3.3
Spellcasting   | 3 |  3.2
Fire Magic     | 3 4 |  4.2
Armour         | 2 4 |  4.0
Dodging        | |  1.5
Stealth        | |  1.5

Action                   |  1- 3 |  4- 6 |  7- 9 || total
-------------------------+-------+-------+-------++-------
Melee: Short sword       |    10 |    46 |     1 ||    57
       Unarmed           |     1 |       |       ||     1
Throw: Stone             |     3 |    18 |       ||    21
 Cast: Flame Tongue      |    78 |   114 |    14 ||   206
       Throw Flame       |       |     4 |     1 ||     5
       Conjure Flame     |       |     3 |       ||     3
 Stab: Sleeping          |     1 |       |       ||     1
Armor: Robe              |    16 |    17 |     1 ||    34
Dodge: Dodged            |    56 |    57 |     5 ||   118
